AoeStats
← Koti

Yucatan

510320779Analyzed
4v4 RM · 2d ago on Sep 30, 2026· 19m 42s· 8 players
Game mode
Random Map
Map size
Large (8 player)
Population
200
Speed
Normal
Resources
Standard
Victory
Conquest
Starting age
Dark Age
Ending age
Imperial Age
RankedLock teamsTeams togetherTeam positionsShared explorationLock speedFull tech treeHidden civsTurbo modeCheats
Victory
Defeat
🇨🇳 Mongols · China
1520
+20
🇭🇰 Poles · Hong Kong SAR China
1490
+21
🇨🇿 Varangians · Czechia
1470
+22
🇨🇦 Jurchens · Canada
1456
+22
🇹🇷 Mongols · Türkiye
1651
-22
🇫🇷 Persians · France
1648
-23
🇨🇦 Danes · Canada
1589
-21
🇺🇸 Ethiopians · United States
1547
-19
GOAT Gobz
9:16 Feudal Age
13:21 Forging
14:02 Loom
17:40 Castle Age
16:17 Scale Barding Armor
16:59 Double-Bit Axe
17:26 Horse Collar
18:52 Wheelbarrow
17:51 Light Cavalry
19:44 Iron Casting
19:36 Chain Barding Armor
20:04 Bow Saw
Rakosnik
3:32 Loom
7:21 Loom
9:43 Feudal Age
14:18 Castle Age
12:26 Double-Bit Axe
15:01 Gold Mining
16:00 Scale Barding Armor
lok914
1:50 Loom
11:15 Feudal Age
16:25 Castle Age
14:52 Horse Collar
15:07 Double-Bit Axe
16:35 Forging
19:13 Husbandry
20:03 Scale Barding Armor
很蓝的啦
6:27 Loom
7:19 Loom
9:36 Feudal Age
13:54 Castle Age
12:41 Double-Bit Axe
13:19 Horse Collar
15:46 Bow Saw
16:04 Heavy Plow
16:22 Stone Mining
17:39 Wheelbarrow
20:40 Stone Shaft Mining
Citizen Snips
10:40 Feudal Age
15:29 Castle Age
15:38 Fletching
15:49 Padded Archer Armor
16:31 Stone Mining
17:02 Crossbowman
19:36 Loom
Koti
7:27 Loom
10:04 Feudal Age
14:01 Castle Age
12:38 Double-Bit Axe
15:25 Bow Saw
19:45 Wheelbarrow
Funkyton
9:05 Loom
11:38 Feudal Age
12:17 Double-Bit Axe
16:56 Castle Age
15:05 Fishing Lines
LonzoWall
3:22 Loom
9:10 Feudal Age
13:51 Castle Age
12:15 Double-Bit Axe
16:30 Town Watch
16:59 Bow Saw
Connection lost

Rejoining the realm…

Still unreachable

The connection could not be restored.

Session expired

The server has moved on; the page needs a fresh start.